 Dungeon Crawl Stone Soup version 0.23.2-1-ga50397a (webtiles) character file.

Game seed: 10770625269143951180

139344 senseless the Spry (level 16, -21/151 HPs)
             Began as a Minotaur Fighter on May 25, 2019.
             Was the Champion of Cheibriados.
             Blown up by an orb spider (43 damage)
             ... with an orb of destruction
             ... on level 4 of the Spider Nest on May 28, 2019.
             The game lasted 02:20:42 (22802 turns).

senseless the Spry (Minotaur Fighter)              Turns: 22802, Time: 02:20:43

Health: -21/151    AC: 17    Str: 41    XL:     16   Next: 73%
Magic:  24/24      EV: 33    Int: 22    God:    Cheibriados [******]
Gold:   1517       SH:  0    Dex: 32    Spells: 14/15 levels left

rFire    . . .     SeeInvis +   N - +8 great sword (elec)
rCold    + . .     Gourm    +   (shield currently unavailable)
rNeg     + . .     Faith    .   u - +1 robe of the Suburbs {rC+ MP+9 Str+5}
rPois    +         Spirit   .   b - +2 hat
rElec    .         Reflect  .   F - +2 ratskin cloak {+Rats rPois rN+ Str-1 Int-1 Dex+1}
rCorr    .         Harm     .   r - +2 pair of gloves
MR       +++..     Rnd*Rage +   I - +2 pair of boots
Stlth    ++........             v - amulet of the gourmand
HPRegen  0.75/turn              A - ring of see invisible
MPRegen  0.19/turn              a - ring of the Mage {Wiz MR++ Int+3}

@: lightly drained, very slow
A: retaliatory headbutt, horns 2, rugged brown scales 1, berserk 1, deformed
body, regeneration 1
a: Bend Time, Temporal Distortion, Slouch, Step From Time, Renounce Religion,
Evoke Ratskin


You were on level 4 of the Spider Nest.
You worshipped Cheibriados.
Cheibriados was exalted by your worship.
You were full.

You visited 5 branches of the dungeon, and saw 28 of its levels.
You also visited: Bailey.

You collected 2233 gold pieces.
You spent 716 gold pieces at shops.

Inventory:

Hand Weapons
 o - the +6 scimitar "Wubeam" {drain, *Drain +Fly rElec}
   (You acquired it on level 6 of the Dungeon)

   A truly terrible weapon, it drains the life of those it strikes.
   It insulates you from electricity.
   It lets you fly.
   It causes draining when unequipped.
 N - a +8 great sword of electrocution (weapon)
 S - a +4 scimitar of flaming
 Y - the +4 mace of Cowardice {freeze, +Rage rF++ Dex-5, unknown}
   (You found it on level 3 of the Spider Nest)

   It has been specially enchanted to freeze those struck by it, causing extra
   injury to most foes and up to half again as much damage against particularly
   susceptible opponents.
   It can also slow down cold-blooded creatures.
   It affects your dexterity (-5).
   It greatly protects you from fire.
   It lets you go berserk.
Armour
 b - a +2 hat (worn)
 c - a +2 shield
 g - a scarf of resistance
 i - the +0 ring mail of the Gardener {rF+ rCorr}
   (You found it on level 5 of the Dungeon)

   It protects you from fire.
   It provides partial protection from all sources of acid and corrosion.
 r - a +2 pair of gloves (worn)
 u - the +1 robe of the Suburbs (worn) {rC+ MP+9 Str+5}
   (You bought it in a shop on level 2 of the Orcish Mines)

   It affects your strength (+5).
   It protects you from cold.
   It affects your magic capacity (+9).
 w - a scarf of repulsion
 F - the +2 ratskin cloak (worn) {+Rats rPois rN+ Str-1 Int-1 Dex+1}
   (You found it on level 7 of the Dungeon)

   It affects your strength (-1).
   It affects your intelligence (-1).
   It affects your dexterity (+1).
   It protects you from poison.
   It protects you from negative energy.
 I - a +2 pair of boots (worn)
 O - a +3 scale mail
Jewellery
 a - the ring of the Mage (right hand) {Wiz MR++ Int+3}
   (You acquired it on level 6 of the Dungeon)

   [ring of wizardry]

   It improves your spell success rate.
   It affects your intelligence (+3).
   It affects your resistance to hostile enchantments.
 d - an uncursed ring of protection from fire
 m - an uncursed ring of ice
 n - an uncursed ring of resist corrosion
 s - an uncursed ring of protection from magic
 v - an amulet of the gourmand (around neck)
 A - a ring of see invisible (left hand)
 D - an uncursed ring of fire
 P - an uncursed ring of magical power
 U - an uncursed amulet of the acrobat
 X - a +2 ring of strength
Wands
 q - a wand of acid (8)
 t - a wand of digging (21)
 G - a wand of flame (78)
 T - a wand of polymorph (7)
 Z - a wand of paralysis (5)
Scrolls
 k - 2 scrolls of fear
 l - 9 scrolls of teleportation
 x - 3 scrolls of fog
 C - 5 scrolls of magic mapping
 E - 10 scrolls of remove curse
 H - 7 scrolls of amnesia
 M - 3 scrolls of blinking
 W - a scroll of enchant weapon
Potions
 e - 3 potions of magic
 j - 4 potions of cancellation
 p - 7 potions of heal wounds
 z - 2 potions of might
 B - a potion of ambrosia
 J - 5 potions of brilliance
 K - 2 potions of resistance
 L - 7 potions of curing
 R - 2 potions of flight
 V - 4 potions of invisibility
Comestibles
 f - 59 rations


   Skills:
 + Level 14.8(14.3) Fighting
 + Level 16.1(15.6) Long Blades
 + Level 14.1(13.5) Armour
 * Level 18.4(17.8) Dodging
 - Level 14.2(13.6) Shields


You had 14 spell levels left.
You knew the following spells:

 Your Spells              Type           Power        Failure   Level  Hunger
a - Apportation           Tloc           #.....       7%          1    ##.....

Your spell library contained the following spells:

 Spells                   Type           Power        Failure   Level  Hunger
 Animate Skeleton         Necr           N/A          7%          1    ##.....
 Confusing Touch          Hex            #.....       7%          1    ##.....
 Flame Tongue             Conj/Fire      #....        7%          1    ##.....
 Freeze                   Ice            #...         7%          1    ##.....
 Summon Butterflies       Summ           #.......     7%          1    ##.....
 Summon Small Mammal      Summ           #...         7%          1    ##.....
 Ensorcelled Hibernation  Hex/Ice        #.....       11%         2    ###....
 Sublimation of Blood     Necr           #.........   11%         2    ###....
 Throw Frost              Conj/Ice       #.....       11%         2    ###....
 Ignite Poison            Fire/Tmut/Pois #.......     21%         3    ####...
 Lesser Beckoning         Tloc           #.........   21%         3    ####...
 Ozocubu's Armour         Chrm/Ice       #.......     21%         3    ####...
 Tukima's Dance           Hex            #.......     21%         3    ####...
 Petrify                  Tmut/Erth      #.......     52%         4    #####..
 Sticky Flame             Conj/Fire      #.......     52%         4    #####..
 Summon Ice Beast         Ice/Summ       #.......     52%         4    #####..
 Throw Icicle             Conj/Ice       #.......     52%         4    #####..
 Alistair's Intoxication  Tmut/Pois      #.......     86%         5    ######.
 Bolt of Magma            Conj/Fire/Erth #.........   86%         5    ######.
 Borgnjor's Vile Clutch   Necr/Erth      #.........   86%         5    ######.
 Fireball                 Conj/Fire      #.........   86%         5    ######.
 Irradiate                Conj/Tmut      #.........   86%         5    ######.
 Iskenderun's Battlesphe  Conj/Chrm      #.......     86%         5    ######.
 Silence                  Hex/Air        #.........   86%         5    ######.
 Venom Bolt               Conj/Pois      #.........   86%         5    ######.
 Darkness                 Hex            #.........   100%        6    #######
 Invisibility             Hex            #.......     100%        6    #######
 Iron Shot                Conj/Erth      #.........   100%        6    #######
 Shadow Creatures         Summ           N/A          100%        6    #######
 Orb of Destruction       Conj           #.........   100%        7    #######
 Spellforged Servitor     Conj/Summ      #.........   100%        7    #######


Dungeon Overview and Level Annotations

Branches:
Dungeon (15/15)            Temple (1/1) D:5            Lair (6/6) D:9
  Swamp (0/4) Lair:4       Spider (4/4) Lair:4        Slime (0/5) Lair:5
    Orc (2/2) D:11            Elf (0/3) Orc:2        Vaults (0/5) D:13
 Depths (0/5) D:15

Altars:
Ashenzari
Cheibriados
Dithmenos
Elyvilon
Fedhas
Gozag
Hepliaklqana
Kikubaaqudgha
Makhleb
Nemelex Xobeh
Okawaru
Qazlal
Ru
Sif Muna
Trog
Uskayaw
Vehumet
Wu Jian
Xom
Yredelemnul
Zin
The Shining One
Jiyva

Shops:
D:6 :   D:11 *   D:12 }   Orc:2 [*(:

Annotations:
D:15 exclusion: Roxanne, Roxanne


Innate Abilities, Weirdness & Mutations

You reflexively headbutt those who attack you in melee.
You have a pair of horns on your head.
You are partially covered in rugged brown scales. (AC +1, +3% HP)
You tend to lose your temper in combat.
Armour fits poorly on your strangely shaped body.
Your natural rate of healing is unusually fast.


Message History

An orb of destruction comes into view.
The orb of destruction hits you!!
The orb spider pulsates with a strange energy.
The jumping spider leaps!
The orb spider weaves a glowing orb of energy.
An orb of destruction comes into view.
The jumping spider leaps!
The orb spider spins a strand of pure energy.
The orb of destruction hits you!!!
The jumping spider leaps!
The orb spider weaves a glowing orb of energy.
An orb of destruction comes into view.
The orb of destruction hits you!!!
* * * LOW HITPOINT WARNING * * *
The jumping spider leaps!
The orb spider pulsates with a strange energy.
The jumping spider leaps!
The orb spider weaves a glowing orb of energy.
An orb of destruction comes into view.
The jumping spider leaps!
The orb of destruction hits you!!!
You die...

............^#..≈≈
............|#.≈≈#
...........°^#≈≈###
.†.......°...≈≈##^#
.^.........○s.##.#
..^.........☼....##
.......^^...☼☼....##
..............○☼.^.#
...(............@.##
.........#...#.^###
..^.....###^#.###
........^######
.^......## #########


You could see an orb spider.

Vanquished Creatures
  Jorgrun (D:15)
  Frances (D:14)
  Kirke (D:14)
  A ghost moth (Spider:3)
  3 orc warlords
  An entropy weaver (Spider:4)
  5 dire elephants (Lair:6)
  Azrael (D:14)
  Josephine (D:12)
  8 hydras
  4 centaur warriors
  An anaconda (Lair:6)
  10 two-headed ogres
  2 tengu warriors (D:13)
  5 death yaks (Lair:6)
  4 orc high priests (Orc:2)
  5 unseen horrors
  2 wizards (D:15)
  Pikel (D:9)
  8 orc knights
  2 deep elf magi
  2 necromancers
  6 orc sorcerers
  11 wolf spiders
  2 ugly things (D:12)
  3 orb spiders
  2 oklob plants
  Joseph (D:8)
  2 moths of wrath (Lair:5)
  4 cyclopes
  3 manticores
  15 elephants
  4 centaur zombies
  4 gargoyles
  Psyche (D:11)
  2 torpor snails
  4 black mambas
  15 spiny frogs
  3 centaur skeletons
  4 rime drakes
  13 demonic crawlers
  A yaktaur (D:15)
  9 komodo dragons
  An efreet (D:15)
  4 tengu conjurers
  A queen bee (Lair:3)
  6 trolls
  5 hornets
  3 meliai (D:11)
  23 jumping spiders
  A polar bear (Lair:3)
  14 tyrant leeches (Lair:5)
  13 hippogriffs
  16 blink frogs
  11 dream sheep
  A centaur simulacrum (D:15)
  Sigmund (D:5)
  39 redbacks
  A spriggan (D:8)
  A vampire (D:12)
  7 wraiths
  40 yaks
  5 wyverns
  2 shadows
  7 basilisks
  Eustachio (D:5)
  9 tarantellas
  3 steam dragons (Lair:3)
  2 hungry ghosts
  3 fire elementals (D:14)
  Edmund (D:5)
  2 swamp worms (Lair:5)
  4 wargs
  A soldier ant (D:12)
  2 acid dragons
  Duvessa (D:4)
  17 water moccasins
  A hell hound (D:14)
  8 porcupines
  44 orc warriors
  5 sky beasts
  A black bear (D:6)
  A hornet zombie (D:15)
  An eye of draining (shapeshifter) (D:13)
  6 ogres
  A phantom (D:11)
  6 ice beasts
  A necrophage (D:10)
  11 centaurs
  13 crocodiles
  14 wolves (Lair:6)
  2 big kobolds
  17 bullfrogs
  Blork the orc (D:4)
  A gnoll sergeant (D:8)
  Dowan (D:4)
  A wyvern zombie (D:14)
  3 scorpions
  26 killer bees (Lair:3)
  9 wights
  2 electric eels
  9 crimson imps
  4 howler monkeys
  3 bullfrog zombies
  5 jellies
  7 hounds
  27 orc priests
  32 orc wizards
  A hell rat (D:7)
  3 iguanas
  14 worker ants
  A killer bee zombie (D:5)
  2 hound skeletons
  19 gnolls
  19 adders
  6 river rats (D:7)
  6 shadow imps
  An ooze (D:4)
  A worm (D:3)
  4 dart slugs
  3 leopard geckos
  124 orcs
  3 ball pythons
  4 giant cockroaches
  29 goblins
  16 hobgoblins
  7 jackals
  15 kobolds
  10 quokkas
  A ball python skeleton (D:4)
  4 bats
  7 frilled lizards
  A jackal skeleton (D:5)
  A leopard gecko zombie (D:5)
  19 rats
  2 plants (Lair:6)
1012 creatures vanquished.

Vanquished Creatures (others)
  A redback (Spider:4)
  2 slaves (D:9)
  A howler monkey (D:9)
  An orc wizard (D:9)
  A goblin (D:9)
  10 fungi
  6 plants
22 creatures vanquished.

Grand Total: 1034 creatures vanquished

Notes
Turn   | Place    | Note
-------+----------+-------------------------------------------
     0 | D:1      | senseless the Minotaur Fighter began the quest for the Orb.
     0 | D:1      | Reached XP level 1. HP: 19/19 MP: 0/0
    79 | D:1      | Reached XP level 2. HP: 18/27 MP: 1/1
   131 | D:1      | Reached skill level 1 in Dodging
   788 | D:2      | Reached XP level 3. HP: 30/33 MP: 2/2
   871 | D:2      | Reached skill level 2 in Dodging
   896 | D:2      | Reached XP level 4. HP: 17/40 MP: 3/3
  2039 | D:3      | Reached XP level 5. HP: 46/46 MP: 4/4
  2050 | D:3      | Reached skill level 3 in Dodging
  2749 | D:4      | Noticed Blork the orc
  2761 | D:4      | Killed Blork the orc
  2761 | D:4      | Reached XP level 6. HP: 34/53 MP: 5/5
  2887 | D:4      | Noticed Dowan
  2888 | D:4      | Noticed Duvessa
  2903 | D:4      | Killed Duvessa
  2903 | D:4      | Reached skill level 5 in Fighting
  2903 | D:4      | Reached skill level 5 in Armour
  2903 | D:4      | Reached skill level 4 in Dodging
  2903 | D:4      | Reached skill level 5 in Shields
  2905 | D:4      | Killed Dowan
  2905 | D:4      | Reached XP level 7. HP: 28/61 MP: 6/6
  3352 | D:5      | Entered Level 5 of the Dungeon
  3353 | D:5      | Noticed Eustachio
  3354 | D:5      | Noticed Edmund
  3357 | D:5      | Got a translucent ring mail
  3372 | D:5      | Killed Eustachio
  3372 | D:5      | Reached skill level 5 in Dodging
  3387 | D:4      | Identified the cursed +0 ring mail of the Gardener {rF+
                  | rCorr} (You found it on level 5 of the Dungeon)
  3644 | D:5      | Reached skill level 5 in Long Blades
  3700 | D:5      | Found a staircase to the Ecumenical Temple.
  3869 | Temple   | Entered the Ecumenical Temple
  3999 | Temple   | Became a worshipper of Cheibriados the Contemplative
  4049 | D:5      | Reached XP level 8. HP: 56/70 MP: 7/7
  4131 | D:5      | Reached skill level 6 in Dodging
  4150 | D:5      | Found a glowing silver altar of Zin.
  4249 | D:5      | Killed Edmund
  4259 | D:5      | Noticed Sigmund
  4272 | D:5      | Killed Sigmund
  4839 | D:6      | Reached * piety under Cheibriados
  4924 | D:6      | Reached skill level 7 in Dodging
  5005 | D:6      | Reached XP level 9. HP: 78/78 MP: 8/8
  5030 | D:6      | Found Ene Taej's Book Emporium.
  5758 | D:6      | Found a sacrificial altar of Ru.
  5818 | D:6      | Identified 2 scrolls of acquirement
  5819 | D:6      | Found the ring of the Mage {Wiz MR++ Int+3}
  5821 | D:6      | Got a smoking scimitar
  5822 | D:6      | Identified the +6 scimitar "Wubeam" {drain, *Drain +Fly
                  | rElec} (You acquired it on level 6 of the Dungeon)
  5910 | D:7      | Reached ** piety under Cheibriados
  6241 | D:7      | Reached skill level 8 in Dodging
  6329 | D:7      | Found the +2 ratskin cloak {+Rats rPois rN+ Str-1 Int-1
                  | Dex+1}
  6337 | D:7      | Reached *** piety under Cheibriados
  6892 | D:8      | Noticed Joseph
  6898 | D:8      | Killed Joseph
  6898 | D:8      | Reached skill level 9 in Dodging
  6898 | D:8      | Reached XP level 10. HP: 86/88 MP: 9/9
  7421 | D:9      | Found a radiant altar of Vehumet.
  7421 | D:9      | Found an iron altar of Okawaru.
  7439 | D:9      | Got a translucent great mace
  7443 | D:9      | Found a staircase to the Lair.
  7477 | D:9      | Noticed a two-headed ogre
  7481 | D:9      | Killed a two-headed ogre
  7521 | D:9      | Reached **** piety under Cheibriados
  7528 | D:9      | Noticed Pikel
  7536 | D:9      | Killed Pikel
  7565 | D:9      | Noticed a two-headed ogre
  7570 | D:9      | Killed a two-headed ogre
  7570 | D:9      | Reached skill level 10 in Dodging
  7642 | D:9      | Found a flagged portal.
  7648 | Bailey   | Entered a bailey
  7680 | Bailey   | Reached ***** piety under Cheibriados
  7733 | Bailey   | Noticed an orc knight
  7740 | Bailey   | Killed an orc knight
  7899 | Bailey   | Noticed an orc knight
  7899 | Bailey   | Noticed an orc warlord
  7899 | Bailey   | Noticed an orc knight
  7915 | Bailey   | Killed an orc warlord
  7915 | Bailey   | Reached XP level 11. HP: 53/97 MP: 10/10
  7923 | Bailey   | Killed an orc knight
  7923 | Bailey   | Reached skill level 11 in Dodging
  7925 | Bailey   | Killed an orc knight
  8307 | D:10     | Entered Level 10 of the Dungeon
  8322 | D:10     | Reached ****** piety under Cheibriados
  8541 | D:10     | Noticed an unseen horror
  8543 | D:10     | Killed an unseen horror
  8867 | D:10     | Found a sacrificial altar of Ru.
  9177 | D:11     | HP: 3/99 [cyclops/large rock (7)]
  9529 | D:11     | Reached skill level 10 in Shields
  9643 | D:11     | Found a staircase to the Orcish Mines.
  9684 | D:11     | Reached skill level 10 in Fighting
  9714 | D:11     | Reached skill level 10 in Armour
  9732 | D:11     | Noticed Psyche
  9734 | D:11     | Found Kunon's Assorted Antiques.
  9735 | D:11     | Killed Psyche
  9735 | D:11     | Reached skill level 12 in Dodging
  9749 | D:11     | Bought a marble ring for 145 gold pieces
  9749 | D:11     | Bought a scroll of enchant armour for 217 gold pieces
  9833 | D:11     | Found a glowing golden altar of the Shining One.
  9904 | D:11     | Reached skill level 10 in Long Blades
 10041 | Orc:1    | Entered Level 1 of the Orcish Mines
 10162 | Orc:2    | Entered Level 2 of the Orcish Mines
 10162 | Orc:2    | Found a staircase to the Elven Halls.
 10169 | Orc:2    | Reached XP level 12. HP: 106/106 MP: 11/11
 10316 | Orc:2    | Noticed an orc high priest
 10316 | Orc:2    | Noticed an orc warlord
 10645 | Orc:2    | Noticed an orc high priest
 10661 | Orc:2    | Killed an orc high priest
 11072 | Orc:2    | Noticed an orc high priest
 11086 | Orc:2    | Killed an orc high priest
 11086 | Orc:2    | Reached skill level 13 in Dodging
 11111 | Orc:2    | Killed an orc warlord
 11265 | Orc:2    | Noticed an orc warlord
 11284 | Orc:2    | Killed an orc warlord
 11727 | Orc:2    | Killed an orc high priest
 11764 | Orc:2    | Found Vacsaux's General Store.
 11765 | Orc:2    | Found Osodeij's Book Emporium.
 11766 | Orc:2    | Found Woaxuosu's Antique Armour Shoppe.
 11766 | Orc:2    | Found Efa Miam's Antique Weapon Shoppe.
 11770 | Orc:2    | Bought a colourful robe for 193 gold pieces
 11770 | Orc:2    | Identified the cursed +1 robe of the Suburbs {rC+ MP+9
                  | Str+5} (You bought it in a shop on level 2 of the Orcish
                  | Mines)
 11791 | Orc:2    | Bought a +1 pair of boots for 161 gold pieces
 11796 | Orc:2    | Noticed an orc high priest
 11818 | Orc:2    | Killed an orc high priest
 11939 | Orc:1    | Reached XP level 13. HP: 116/116 MP: 12/12
 12279 | D:12     | Reached skill level 14 in Dodging
 12344 | D:12     | Found Fapseops's Gadget Shop.
 12395 | D:12     | Noticed Josephine
 12405 | D:12     | Killed Josephine
 13050 | D:13     | Found a gate to the Vaults.
 13293 | D:13     | Reached skill level 15 in Dodging
 13293 | D:13     | Reached XP level 14. HP: 123/127 MP: 13/13
 13578 | D:14     | Noticed Azrael
 13587 | D:14     | Killed Azrael
 13968 | D:14     | Noticed Frances
 13977 | D:14     | Killed Frances
 14116 | D:14     | Noticed Kirke
 14122 | D:14     | Killed Kirke
 14202 | D:15     | Entered Level 15 of the Dungeon
 14208 | D:15     | Noticed Jorgrun
 14215 | D:15     | Killed Jorgrun
 14297 | D:15     | Noticed Roxanne
 15058 | D:15     | Learned a level 1 spell: Apportation
 15254 | D:15     | Reached skill level 16 in Dodging
 15279 | D:15     | Found a staircase to the Depths.
 15520 | Lair:1   | Entered Level 1 of the Lair of Beasts
 16354 | Lair:2   | Reached XP level 15. HP: 136/136 MP: 14/14
 16414 | Lair:2   | Found a glowing silver altar of Zin.
 18154 | Lair:4   | Found a hole to the Spider Nest.
 18162 | Lair:4   | Found a staircase to the Swamp.
 18584 | Lair:4   | Reached skill level 17 in Dodging
 18869 | Lair:5   | Found a viscous altar of Jiyva.
 18869 | Lair:5   | Found a staircase to the Slime Pits.
 19444 | Lair:6   | Entered Level 6 of the Lair of Beasts
 19666 | Lair:6   | Gained mutation: Armour fits poorly on your strangely
                  | shaped body. [potion of mutation]
 19666 | Lair:6   | Gained mutation: You are partially covered in rugged brown
                  | scales. (AC +1, +3% HP) [potion of mutation]
 19666 | Lair:6   | Gained mutation: You tend to lose your temper in combat.
                  | [potion of mutation]
 19666 | Lair:6   | Gained mutation: Your natural rate of healing is unusually
                  | fast. [potion of mutation]
 19798 | Lair:6   | Reached XP level 16. HP: 139/150 MP: 15/15
 20471 | Lair:6   | Identified the Disquisition on Fire
 20592 | Spider:1 | Entered Level 1 of the Spider Nest
 20870 | Spider:1 | Reached skill level 15 in Long Blades
 21118 | Spider:1 | Reached skill level 18 in Dodging
 22065 | Spider:3 | Got an ancient mace
 22517 | Spider:4 | Entered Level 4 of the Spider Nest
 22802 | Spider:4 | Blown up by an orb spider

Skill      XL: |  1  2  3  4  5  6  7  8  9 10 11 12 13 14 15 16 |
---------------+-------------------------------------------------+-----
Dodging        | 1 2 3 4 5 7 9 10 12 13 15 16 17 18 | 18.4
Long Blades    | 3 4 5 6 7 8 10 11 12 13 14 16 | 16.1
Armour         | 4 5 6 7 9 10 11 12 13 14 | 14.1
Shields        | 4 5 6 8 9 10 11 12 13 14 | 14.2
Fighting       | 4 5 6 7 9 10 11 12 13 14 | 14.8

Action                   |  1- 3 |  4- 6 |  7- 9 | 10-12 | 13-15 | 16-18 || total
-------------------------+-------+-------+-------+-------+-------+-------++-------
Melee: Long sword        |    77 |   154 |   150 |       |       |       ||   381
       Headbutt          |     9 |    34 |    51 |   150 |   343 |    86 ||   673
       Scimitar          |       |       |   120 |   457 |   793 |       ||  1370
       Great sword       |       |       |       |       |    17 |   183 ||   200
Invok: Slouch            |       |       |       |       |     4 |       ||     4
Evoke: Wand              |       |       |       |       |    34 |     2 ||    36
  Use: Scroll            |       |       |    19 |    16 |    21 |     4 ||    60
       Potion            |       |       |     2 |     3 |     1 |       ||     6
 Stab: Sleeping          |       |       |     1 |     2 |    12 |     3 ||    18
       Distracted        |       |       |       |     1 |     5 |     2 ||     8
  Eat: Chunk             |       |     7 |     8 |    10 |    27 |     2 ||    54
       Ration            |       |       |     1 |       |       |       ||     1
Armor: Scale mail        |    29 |    53 |    23 |       |       |       ||   105
       Ring mail         |       |       |    60 |    49 |       |       ||   109
       Robe              |       |       |       |     2 |    87 |    54 ||   143
Dodge: Dodged            |    23 |    54 |   141 |   253 |   704 |   438 ||  1613
Block: Shield            |    42 |    73 |   170 |   349 |   815 |       ||  1449
       Rpst.: Long sword |    12 |    15 |    21 |       |       |       ||    48
       Scimitar          |       |       |    10 |    50 |   148 |       ||   208
       Great sword       |       |       |       |       |     8 |    69 ||    77
